 Dungeon Crawl Stone Soup version 0.18.1-2-ga659475 (webtiles) character file.

2150 varam the Spear-Bearer (level 9, -3/103 HPs)
             Began as a Merfolk Ice Elementalist on May 8, 2016.
             Was a Priest of Okawaru.
             Slain by a slime creature (13 damage)
             ... on level 9 of the Dungeon.
             The game lasted 00:52:45 (11172 turns).

varam the Spear-Bearer (Merfolk Ice Elementalist)  Turns: 11172, Time: 00:52:45

Health: -3/103     AC: 10    Str: 15    XL:     9   Next: 31%
Magic:  8/13       EV: 16    Int: 17    God:    Okawaru [***...]
Gold:   293        SH:  0    Dex: 17    Spells: 4 memorised, 4 levels left

rFire  . . .     SeeInvis .     x - +0 trident
rCold  + . .     Gourm    .     H - +3 leather armour
rNeg   . . .     Faith    .     (no shield)
rPois  +         Spirit   .     e - +1 helmet
rElec  +         Dismiss  .     j - +0 cloak
rCorr  .         Reflect  .     p - +0 pair of gloves
SustAt .         Harm     .     (no boots)
MR     .....                    L - amulet "Vefy" {+Rage rC+ Str+2 Int+4}
Stlth  ..........               k - ring of stealth
                                J - ring of Hoczofui {rElec rPois Int-2 Stlth+}

@: berserking, very slightly contaminated, drained, very quick, not resistant to
hostile enchantments, extremely unstealthy
A: change form in water, swift swim
a: Heroism, Renounce Religion, Evoke Berserk Rage


You were on level 9 of the Dungeon.
You worshipped Okawaru.
Okawaru was most pleased with you.
You were not hungry.

You visited 1 branch of the dungeon, and saw 9 of its levels.
You also visited: Bailey.

You collected 293 gold pieces.

Inventory:

Hand Weapons
 c - a +2 mace of holy wrath
 n - a cursed -2 spear
 w - a +0 spear
 x - a +0 trident (weapon)
Missiles
 m - 5 javelins of returning (quivered)
 C - 7 tomahawks
Armour
 e - a +1 helmet (worn)
 h - a +0 ring mail
 j - a +0 cloak (worn)
 p - a +0 pair of gloves (worn)
 H - a +3 leather armour (worn)
Jewellery
 k - a ring of stealth (right hand)
 y - a +4 ring of strength
 J - the ring of Hoczofui (left hand) {rElec rPois Int-2 Stlth+}
   (You found it on level 4 of the Dungeon)

   [ring of intelligence]

   It affects your intelligence (-2).
   It insulates you from electricity.
   It protects you from poison.
   It makes you more stealthy.
 L - the amulet "Vefy" (around neck) {+Rage rC+ Str+2 Int+4}
   (You found it on level 4 of the Dungeon)

   [amulet of rage]

   It affects your strength (+2).
   It affects your intelligence (+4).
   It protects you from cold.
   It lets you go berserk.
 Q - an uncursed ring of stealth
 W - an uncursed ring of resist corrosion
Wands
 v - a wand of confusion (7/48)
Scrolls
 a - a scroll of amnesia
 d - 2 scrolls of enchant weapon
 o - 2 scrolls of enchant armour
 s - a scroll of identify
 t - a scroll of noise
 z - a scroll of recharging
 B - a scroll of magic mapping
 G - 2 scrolls of teleportation {unknown}
 P - a scroll of fear {unknown}
Potions
 f - 2 potions of heal wounds {unknown}
 g - a potion of invisibility {unknown}
 i - a potion of berserk rage {unknown}
 l - a potion of cancellation {unknown}
 q - a potion of might {unknown}
 u - 4 potions of curing {unknown}
 A - 2 potions of haste {unknown}
 E - a potion of ambrosia {unknown}
 F - 2 potions of flight {unknown}
 S - a potion of resistance {unknown}
 T - a potion of brilliance {unknown}
 V - a potion of cure mutation {unknown}
Books
 b - a book of Frost

   Spells                             Type                      Level
   a - Freeze                         Ice                          1
   b - Throw Frost                    Conjuration/Ice              2
   c - Ozocubu's Armour               Charms/Ice                   3
   d - Throw Icicle                   Conjuration/Ice              4
   e - Summon Ice Beast               Ice/Summoning                4
 R - a book of Misfortune

   Spells                             Type                      Level
   a - Confusing Touch                Hexes                        2
   b - Confuse                        Hexes                        3
   c - Gell's Gravitas                Hexes/Translocation          3
   d - Petrify                        Transmutation/Earth          4
   e - Metabolic Englaciation         Hexes/Ice                    5
   f - Yara's Violent Unravelling     Hexes/Transmutation          5
Comestibles
 r - 5 chunks of flesh
 D - 7 bread rations
 M - 4 meat rations


   Skills:
 + Level 5.7(4.9) Fighting
 * Level 9.7(8.9) Polearms
 - Level 2.0(1.3) Armour
 + Level 7.2(6.3) Dodging
 - Level 3.0(2.3) Stealth
 - Level 3.0(2.3) Spellcasting
 - Level 0.7(0.0) Conjurations
 - Level 3.1(2.3) Charms
 - Level 5.0(4.2) Ice Magic


You had 4 spell levels left.
You knew the following spells:

 Your Spells              Type           Power        Failure   Level  Hunger
a - Freeze                Ice            ###.         4%          1    #......
b - Summon Ice Beast      Ice/Summ       #.......     89%         4    #####..
c - Throw Frost           Conj/Ice       #.....       17%         2    ##.....
z - Ozocubu's Armour      Chrm/Ice       ##......     21%         3    ###....


Dungeon Overview and Level Annotations

Branches:
Dungeon (9/15)             Temple (0/1) D:6
   Lair: D:8-11         Orc: D:9-12

Altars:
Elyvilon
Gozag
Okawaru
Pakellas
Ru
Trog
Xom
Yredelemnul
Zin
The Shining One

Annotations:
D:6 exclusion: oklob sapling


Message History

You hit the slime creature.
The slime creature is severely wounded.
The slime creature hits you!
* * * LOW HITPOINT WARNING * * *
You puncture the slime creature!
The slime creature is severely wounded.
The slime creature hits you but does no damage.
You barely miss the slime creature.
The slime creature is severely wounded.
The slime creature hits you!
* * * LOW HITPOINT WARNING * * *
A red film seems to cover your vision as you go berserk!
You feel yourself moving faster!
You feel mighty! The slime creature barely misses you.
You puncture the slime creature!
The slime creature is severely wounded.
You hit the slime creature.
The slime creature is almost dead.
The slime creature hits you!
You die...

####+######
#.........#
#.........+
+..<......#
#..J......#
#..@....[(#
#.........#
#####+#####


You could see a slime creature.

Vanquished Creatures
  The ghost of manyhoops the Chopper, a novice DsGl (Bailey)
  3 ice beasts
  An ogre (D:4)
  A centaur (D:8)
  A giant frog (D:7)
  A crimson imp (D:5)
  A quasit (D:7)
  4 hounds
  3 jellies
  3 orc priests
  A giant frog skeleton (D:5)
  An iguana (D:6)
  3 orc wizards
  Ijyb (D:3)
  Natasha (thrice) (D:4)
  4 worker ants
  13 gnolls
  8 adders
  3 shadow imps
  2 oozes
  An adder zombie (D:6)
  3 worms
  3 dart slugs
  3 giant geckos
  39 orcs
  A ball python (D:7)
  5 bats
  6 giant cockroaches
  4 goblins
  11 hobgoblins
  16 jackals
  4 quokkas
  A giant gecko skeleton (D:5)
  6 giant newts
  6 kobolds
  8 rats
  A plant (D:6)
176 creatures vanquished.

Vanquished Creatures (others)
  A quokka (D:4)
  A giant gecko skeleton (D:7)
2 creatures vanquished.

Grand Total: 178 creatures vanquished

Notes
Turn   | Place    | Note
--------------------------------------------------------------
     0 | D:1      | varam the Merfolk Ice Elementalist began the quest for the Orb.
     0 | D:1      | Reached XP level 1. HP: 13/13 MP: 3/3
   578 | D:1      | Reached skill level 1 in Fighting
   578 | D:1      | Reached XP level 2. HP: 21/21 MP: 1/5
  1336 | D:2      | Learned a level 2 spell: Throw Frost
  1346 | D:2      | Reached XP level 3. HP: 27/27 MP: 2/6
  2170 | D:2      | Reached XP level 4. HP: 34/34 MP: 3/7
  2755 | D:2      | Found a white marble altar of Elyvilon.
  2803 | D:2      | Learned a level 3 spell: Ozocubu's Armour
  3728 | D:3      | Noticed Ijyb
  4566 | D:3      | Reached skill level 1 in Charms
  4566 | D:3      | Reached XP level 5. HP: 34/41 MP: 2/8
  5048 | D:3      | Killed Ijyb
  5111 | D:3      | Found a bloodstained altar of Trog.
  5321 | D:3      | Reached XP level 6. HP: 45/47 MP: 3/9
  5654 | D:4      | Noticed Natasha
  6134 | D:4      | Reached skill level 2 in Polearms
  6200 | D:4      | Got a wavering turquoise ring
  6338 | D:4      | Reached skill level 3 in Polearms
  6338 | D:4      | Reached XP level 7. HP: 27/52 MP: 5/11
  6510 | D:4      | Reached skill level 4 in Polearms
  6557 | D:4      | Got a twitching pewter amulet
  6587 | D:4      | Killed Natasha
  6587 | D:4      | Reached skill level 5 in Ice Magic
  6643 | D:4      | Found an iron altar of Okawaru.
  6643 | D:4      | Found a glowing silver altar of Zin.
  6650 | D:4      | Became a worshipper of Warmaster Okawaru
  6682 | D:4      | Found an oddly glowing altar of Pakellas.
  6693 | D:4      | Noticed Natasha
  6699 | D:4      | Killed Natasha
  6824 | D:4      | Noticed Natasha
  6851 | D:4      | Killed Natasha
  6958 | D:5      | Entered Level 5 of the Dungeon
  7224 | D:5      | Reached skill level 5 in Polearms
  7353 | D:5      | Reached skill level 1 in Armour
  7614 | D:5      | Found a shimmering altar of Xom.
  7652 | D:5      | Reached XP level 8. HP: 60/60 MP: 8/12
  7790 | D:6      | Found a staircase to the Ecumenical Temple.
  8770 | D:6      | Reached skill level 6 in Polearms
  8995 | D:6      | Reached skill level 5 in Dodging
  9091 | D:6      | Reached * piety under Okawaru
  9091 | D:6      | Reached skill level 7 in Polearms
  9319 | D:7      | Identified the cursed ring of Hoczofui {rElec rPois Int-2 Stlth+} (You found it on level 4 of the Dungeon)
  9320 | D:7      | Identified the amulet "Vefy" {+Rage rC+ Str+2 Int+4} (You found it on level 4 of the Dungeon)
  9376 | D:7      | Found a glowing golden altar of the Shining One.
  9378 | D:7      | Noticed an angel
  9383 | D:7      | Found a basalt altar of Yredelemnul.
  9474 | D:7      | Learned a level 4 spell: Summon Ice Beast
  9502 | D:7      | Found an opulent altar of Gozag.
 10268 | D:8      | Found a sacrificial altar of Ru.
 10353 | D:8      | Found a flagged portal.
 10360 | D:8      | Reached skill level 8 in Polearms
 10367 | Bailey   | Entered a bailey
 10367 | Bailey   | Noticed manyhoops's ghost (novice DsGl)
 10424 | Bailey   | Killed manyhoops's ghost
 10424 | Bailey   | Reached ** piety under Okawaru
 10424 | Bailey   | Reached *** piety under Okawaru
 10424 | Bailey   | Reached skill level 5 in Fighting
 10424 | Bailey   | Reached skill level 9 in Polearms
 10424 | Bailey   | Reached XP level 9. HP: 25/68 MP: 1/13
 10498 | Bailey   | Noticed Vidiiot's ghost (journeyman DDSu)
 11172 | D:9      | Slain by a slime creature

Skill      XL: |  1  2  3  4  5  6  7  8 |
---------------+-------------------------+-----
Fighting       | 1 2 3 5 |  5.7
Dodging        | 3 4 7 |  7.2
Stealth        | 3 |  3.0
Charms         | 1 2 3 |  3.1
Ice Magic      | 4 5 |  5.0
Polearms       | 3 5 9 |  9.7
Spellcasting   | 3 |  3.0
Armour         | 1 2 |  2.0
Conjurations   | |  0.7

Action                   |  1- 3 |  4- 6 |  7- 9 || total
-------------------------+-------+-------+-------++-------
Melee: Dagger            |    27 |     2 |       ||    29
       Short sword       |     5 |    63 |       ||    68
       Mace              |       |    51 |       ||    51
       Trident           |       |    40 |   366 ||   406
       Spear             |       |       |    86 ||    86
       Tailslap          |       |       |     3 ||     3
Throw: Javelin           |     3 |       |     2 ||     5
       Stone             |       |     2 |       ||     2
 Cast: Freeze            |    44 |    84 |    62 ||   190
       Throw Frost       |     5 |     4 |     5 ||    14
       Ozocubu's Armour  |       |     7 |    21 ||    28
 Abil: Evoke Berserk Rag |       |       |     1 ||     1
  Use: Scroll            |       |     6 |     5 ||    11
       Potion            |       |       |     2 ||     2
 Stab: Sleeping          |     1 |     5 |    17 ||    23
  Eat: Chunk             |     5 |    11 |    11 ||    27
       Meat ration       |       |     1 |       ||     1
       Beef jerky        |       |       |     2 ||     2
       Royal jelly       |       |       |     1 ||     1
       Bread ration      |       |       |     1 ||     1
       Pizza             |       |       |     1 ||     1
Armor: Robe              |    16 |    27 |       ||    43
       Leather armour    |       |    21 |   156 ||   177
Dodge: Dodged            |    48 |   166 |   271 ||   485
